 Dungeon Crawl Stone Soup version 0.30-a0-722-g3e6e8c874d (webtiles) character file.

Game seed: 10052157722777334732

38584 browni3141 the Grappler (level 13, -6/127 HPs)
             Began as a Troll Berserker on Jan 27, 2023.
             Was an Elder of Trog.
             Mangled by a death yak (11 damage)
             ... on level 4 of the Lair of Beasts.
             The game lasted 00:29:50 (12946 turns).

browni3141 the Grappler (Troll Berserker)          Turns: 12946, Time: 00:29:51

Health: -6/127     AC:  8    Str: 32    XL:     13   Next: 64%
Magic:  12/12      EV:  9    Int:  6    God:    Trog [****..]
Gold:   1078       SH: 15    Dex:  9    Spells: 12/12 levels left

rFire   . . .      SeeInvis .      - Unarmed
rCold   . . .      Faith    +    l - +0 tower shield
rNeg    + + .      Spirit   .    C - +2 robe {rN+}
rPois   .          Reflect  .    e - +0 hat {Int+3}
rElec   .          Harm     .    i - +1 cloak {Will+}
rCorr   .          Rampage  .    (gloves unavailable)
Will    +++..                    (boots unavailable)
Stlth   ++                       s - amulet of faith
HPRegen 2.21/turn                p - ring of positive energy
MPRegen 0.13/turn                G - ring of flight

@: strong-willed, on berserk cooldown, flying, regenerating, slowed, very slow
A: large, unfitting armour, claws 3, regeneration 1, shaggy fur 1, tough skin 1
a: Renounce Religion, Berserk, Trog's Hand, Brothers in Arms


You were on level 4 of the Lair of Beasts.
You worshipped Trog.
Trog was greatly pleased with you.
You visited 2 branches of the dungeon, and saw 15 of its levels.

You collected 1078 gold pieces.

Inventory:

Missiles
 f - 14 javelins (quivered)
 m - 33 poisoned darts
 M - a curare-tipped dart
Armour
 a - a +0 animal skin
 e - a +0 hat of intelligence (worn)
 i - a +1 cloak of willpower (worn)
 l - a +0 tower shield (worn)
 C - a +2 robe of positive energy (worn)
 H - the +0 cloak of the Planets {rC+ Dex+2}
   (You found it on level 6 of the Dungeon)

   Dex:       It affects your dexterity (+2).
   rC:        It protects you from cold.
 J - a +1 robe of cold resistance
Jewellery
 p - a ring of positive energy (left claw)
 s - an amulet of faith (around neck)
 w - a ring of positive energy
 G - a ring of flight (right claw)
 I - a ring of ice
Wands
 o - a wand of digging (4)
 u - a wand of roots (13)
 B - a wand of polymorph (13)
 D - a wand of mindburst (13)
Scrolls
 g - a scroll of enchant armour {unknown}
 t - 3 scrolls of teleportation
 v - a scroll of identify {unknown}
 x - a scroll of amnesia {unknown}
Potions
 c - a potion of cancellation
 d - 3 potions of attraction
 j - 3 potions of might
 k - 3 potions of curing
 n - a potion of berserk rage {unknown}
 q - 2 potions of brilliance {unknown}
 r - 5 potions of degeneration
 z - 3 potions of lignification
 A - a potion of invisibility {unknown}
 E - 2 potions of ambrosia
 F - 2 potions of mutation {unknown}
 L - 5 potions of flight
Miscellaneous
 y - a tin of tremorstones (inert)


   Skills:
 - Level 8.1 Fighting
 - Level 8.4 Throwing
 - Level 8.1 Dodging
 - Level 4.0 Stealth
 * Level 10.0 Shields
 - Level 13.3 Unarmed Combat


You had 12 spell levels left.
You didn't know any spells.
Your spell library was empty.

Dungeon Overview and Level Annotations

Branches:
Dungeon (11/15)            Temple (0/1) D:5            Lair (4/5) D:11
  Swamp (0/4) Lair:3       Spider (0/4) Lair:2
  Slime: Lair:4-5       Orc: D:9-12

Altars:
Kikubaaqudgha
Ru
Uskayaw
Jiyva

Annotations:
D:2 1 runed translucent door, Crazy Yiuf
D:8 2 transporters, lesbiats's ghost, novice DrCj
D:9 1 runed translucent door, exclusion: door, wormed's ghost, novice GnWn
D:10 2 transporters


Innate Abilities, Weirdness & Mutations

You are too large for most types of armour.
You have claws for hands.
Your natural rate of healing is unusually fast.
You are covered in fur. (AC +1)
You have tough skin. (AC +1)


Message History

You scratch the death yak.
The death yak is heavily wounded.
You are no longer berserk.
You are exhausted.
You feel yourself slow down.
You scratch the death yak but do no damage.
The death yak is heavily wounded.
You block the death yak's attack. x2
You claw the death yak!
The death yak is severely wounded.
The death yak closely misses you.
You mangle the death yak!!
You kill the death yak!
Trog accepts your kill.
Your Shields skill increases to level 10!
You barely miss the death yak.
The death yak is moderately wounded.
You block the death yak's attack. x2
You claw the death yak!
The death yak is heavily wounded.
The death yak gores you.
You scratch the death yak.
The death yak is heavily wounded.
The death yak gores you! The death yak gores you!!
You barely miss the death yak.
The death yak is heavily wounded.
The death yak gores you!!
Your skin crawls.
You feel strong-willed. You block the death yak's attack.
The death yak gores you!!
* * * LOW HITPOINT WARNING * * *
You feel much better. The death yak gores you!
* * * LOW HITPOINT WARNING * * *
The death yak attacks as you move away! The death yak gores you!
* * * LOW HITPOINT WARNING * * *
The death yak gores you!
* * * LOW HITPOINT WARNING * * *
The death yak snorts and paws the ground.
The death yak gores you!
You die...

..Y..... #
.Y..#. # #..S.#
# #....## #
##....# # #.#.#
# ##
###########†.#.#
.#
##.##....##Y#..#
##
#.....:...@Y...#
##
#P...######.#.##
.#######..##
#####
...##.#....#
.........†##
#....P...##
...P###### #.#
#..## #.# #..##
#..


You could see 2 death yaks.

Vanquished Creatures
  Gastronok (Lair:3)
  Fannar (Lair:3)
  A catoblepas (Lair:2)
  2 hydras
  3 two-headed ogres
  Erica (D:11)
  A boulder beetle (D:11)
  7 death yaks
  Urug (Lair:3)
  Amaemon (Lair:1)
  Pikel (D:6)
  2 manticores (D:11)
  Joseph (D:7)
  14 elephants
  7 cane toads
  A black mamba (Lair:2)
  An orange demon (Lair:1)
  A rime drake (Lair:3)
  An unseen horror (D:10)
  A tengu conjurer (D:11)
  6 komodo dragons
  2 trolls
  2 hornets
  10 spriggans (D:11)
  27 yaks
  2 basilisks (Lair:1)
  4 wyverns
  4 wraiths
  Grum (Lair:1)
  A steam dragon (D:10)
  Edmund (D:6)
  11 water moccasins
  An acid dragon (D:11)
  Duvessa (D:6)
  A black bear (D:11)
  4 orc warriors
  8 wolves (Lair:1)
  2 centaurs (D:11)
  3 lemures (D:6)
  5 kobold brigands
  A gnoll sergeant (D:11)
  2 necrophages
  12 bullfrogs
  3 scorpions
  8 wights
  Dowan (D:6)
  3 killer bees (D:11)
  3 howler monkeys
  2 jellies
  3 orc priests (D:6)
  A gnoll bouda (D:5)
  3 hounds
  5 iguanas
  10 orc wizards
  5 gnolls (D:5)
  7 adders
  2 white imps
  5 worms
  33 orcs
  6 endoplasms
  7 giant cockroaches
  6 goblins
  4 hobgoblins
  9 quokkas
  8 ball pythons
  8 bats
  6 frilled lizards
  26 kobolds
  23 rats
357 creatures vanquished.

Vanquished Creatures (collateral kills)
  An ice dragon (Lair:3)
  A hydra (Lair:3)
  2 elephants (Lair:3)
  A cane toad (Lair:3)
  A water moccasin (D:11)
  An orc warrior (D:11)
  An electric eel (Lair:3)
8 creatures vanquished.

Vanquished Creatures (others)
  A yak (D:10)
  64 fungi
  60 plants
125 creatures vanquished.

Grand Total: 490 creatures vanquished

Notes
Turn   | Place    | Note
-------+----------+-------------------------------------------
     0 | D:1      | browni3141 the Troll Berserker began the quest for the Orb.
     0 | D:1      | Reached XP level 1. HP: 22/22 MP: 0/0
   255 | D:1      | Reached skill level 1 in Stealth
   255 | D:1      | Reached XP level 2. HP: 29/29 MP: 1/1
   543 | D:1      | Found a faded altar of an unknown god.
   618 | D:2      | Reached ** piety under Trog
   630 | D:2      | Reached XP level 3. HP: 36/36 MP: 2/2
   733 | D:2      | Found a runed translucent door.
   734 | D:2      | Noticed Crazy Yiuf
   735 | D:2      | Identified the +9 hammer of Wu Jian's Envy {freeze, rN+}
  1397 | D:3      | Reached XP level 4. HP: 41/44 MP: 3/3
  1405 | D:3      | Reached *** piety under Trog
  1493 | D:3      | Found a glowing drain.
  1721 | D:3      | Found an ancient bone altar of Kikubaaqudgha.
  1768 | D:3      | Reached skill level 4 in Unarmed Combat
  2360 | D:4      | Reached XP level 5. HP: 53/53 MP: 4/4
  2948 | D:5      | Entered Level 5 of the Dungeon
  2959 | D:5      | Reached skill level 5 in Unarmed Combat
  2959 | D:5      | Reached XP level 6. HP: 58/61 MP: 5/5
  2984 | D:5      | Reached **** piety under Trog
  3004 | D:5      | Found a staircase to the Ecumenical Temple.
  3319 | D:5      | Reached XP level 7. HP: 60/68 MP: 6/6
  3504 | D:6      | Reached skill level 6 in Unarmed Combat
  3611 | D:6      | You fall into a shaft and drop 2 floors!
  3825 | D:7      | Noticed a hornet
  3839 | D:7      | Killed a hornet
  3840 | D:7      | Reached skill level 7 in Unarmed Combat
  3844 | D:7      | Reached XP level 8. HP: 79/79 MP: 7/7
  3896 | D:7      | Identified the +4 spear "Erashril" {freeze, +Blink rF+
                  | Dex+3}
  3906 | D:7      | Noticed Joseph
  3919 | D:7      | Killed Joseph
  3920 | D:7      | Reached skill level 8 in Unarmed Combat
  3923 | D:7      | Reached skill level 5 in Fighting
  3923 | D:7      | Reached skill level 5 in Dodging
  4396 | D:6      | Noticed Duvessa
  4397 | D:6      | Noticed Dowan
  4401 | D:6      | Killed Duvessa
  4403 | D:6      | Killed Dowan
  4453 | D:6      | Noticed Edmund
  4468 | D:6      | Killed Edmund
  4469 | D:6      | Reached XP level 9. HP: 88/88 MP: 8/8
  4479 | D:6      | Found a hide-covered altar of Uskayaw.
  4479 | D:6      | Noticed Pikel
  4486 | D:6      | Killed Pikel
  4487 | D:6      | Reached skill level 9 in Unarmed Combat
  4501 | D:6      | Found a sacrificial altar of Ru.
  4961 | D:6      | Identified the +0 cloak of the Planets {rC+ Dex+2}
  5215 | D:8      | Noticed a two-headed ogre
  5226 | D:8      | Killed a two-headed ogre
  5227 | D:8      | Reached skill level 10 in Unarmed Combat
  5354 | D:8      | Reached XP level 10. HP: 98/98 MP: 9/9
  5448 | D:8      | Found a transporter.
  5453 | D:8      | Found a transporter.
  5564 | D:8      | Noticed lesbiats's ghost (novice DrCj)
  6122 | D:9      | Found a runed translucent door.
  6352 | D:9      | Paralysed by a hornet for 3 turns
  6846 | D:9      | Noticed wormed's ghost (novice GnWn)
  6847 | D:9      | Noticed a boulder beetle
  6887 | D:10     | Entered Level 10 of the Dungeon
  6930 | D:10     | Reached skill level 11 in Unarmed Combat
  7310 | D:10     | Reached skill level 5 in Throwing
  7522 | D:10     | Found a viscous altar of Jiyva.
  7522 | D:10     | Noticed a great orb of eyes
  7764 | D:10     | Found a transporter.
  7764 | D:10     | Found a transporter.
  7913 | D:11     | Reached XP level 11. HP: 109/109 MP: 10/10
  8099 | D:11     | Noticed a two-headed ogre
  8105 | D:11     | Killed a two-headed ogre
  8106 | D:11     | Reached skill level 12 in Unarmed Combat
  8210 | D:11     | Noticed Erica
  8226 | D:11     | Killed Erica
  8229 | D:11     | Found a staircase to the Lair.
  8304 | D:11     | Noticed a two-headed ogre
  8311 | D:11     | Killed a two-headed ogre
  8738 | D:11     | Noticed a boulder beetle
  8747 | D:11     | Killed a boulder beetle
  9117 | Lair:1   | Entered Level 1 of the Lair of Beasts
  9126 | Lair:1   | Lost intelligence.
  9186 | Lair:1   | Noticed Grum
  9195 | Lair:1   | Killed Grum
  9303 | Lair:1   | Reached XP level 12. HP: 119/119 MP: 11/11
  9336 | Lair:1   | Noticed a death yak
  9336 | Lair:1   | Noticed a death yak
  9366 | Lair:1   | Killed a death yak
  9400 | Lair:1   | Noticed a death yak
  9410 | Lair:1   | Killed a death yak
  9411 | Lair:1   | Reached skill level 13 in Unarmed Combat
  9413 | Lair:1   | Killed a death yak
  9435 | Lair:1   | Noticed Amaemon
  9491 | Lair:1   | Killed Amaemon
  9734 | Lair:1   | Reached skill level 1 in Shields
 10313 | Lair:2   | Noticed a catoblepas
 10483 | Lair:2   | Reached ***** piety under Trog
 10509 | Lair:2   | Found a hole to the Spider Nest.
 10788 | Lair:2   | Killed a catoblepas
 10789 | Lair:2   | Reached skill level 5 in Shields
 11452 | Lair:3   | Noticed Urug
 11604 | Lair:3   | Noticed an ice dragon
 11615 | Lair:3   | Killed an ice dragon
 11616 | Lair:3   | Reached XP level 13. HP: 54/127 MP: 12/12
 11796 | Lair:3   | Killed Urug
 11915 | Lair:3   | Noticed Gastronok
 11928 | Lair:3   | Killed Gastronok
 12005 | Lair:3   | Noticed Fannar
 12017 | Lair:3   | Killed Fannar
 12422 | Lair:3   | Found a staircase to the Swamp.
 12940 | Lair:4   | Reached skill level 10 in Shields
 12946 | Lair:4   | HP: 5/127 [death yak (17)]
 12946 | Lair:4   | Mangled by a death yak

Illustrated notes

Levels and vault maps discovered:
D:1:      matt_arrival_refuge, layout_rooms,
          shapermc_ecumenical_altar_mp_vishouse
D:2:      layout_basic, minmay_pentomino_pile, uniq_crazy_yiuf_cottage
D:3:      layout_basic, mainiacjoe_overflow_24_doors, gup_sewer_entry_glass,
          hangedman_decor_growths, minmay_rat_hole
D:4:      layout_loops_cross, nicolae_concentric_dashed_squares_wild,
          grunt_decor_one_mirror
D:5:      layout_rooms, minmay_temple_entry_waves, minmay_misc_feat_nine_boxes
D:6:      layout_basic, mainiacjoe_overflow_catwalk_spiral,
          lightli_corner_chamber, uniq_pikel, uniq_duvessa, uniq_edmund
D:7:      hellmonk_ruined_rings, layout_basic, dreamdust_wishing_well,
          uniq_joseph
D:8:      layout_cave_pods, gammafunk_ghost_hive
D:9:      layout_basic, ebering_ghost_inner_flame
D:10:     gammafunk_jiyva_shrine, layout_stronghold
D:11:     kb_forest_paths, layout_basic, due_lair_maze_entry_diamond,
          st_stairs_14, uniq_erica
Lair:1:   layout_loops_ring, uniq_amaemon, uniq_grum
Lair:2:   layout_roguey, dummy_spider_entry, nicolae_quartered_pool_super,
          minivault_24, serial_bayou_shore_b
Lair:3:   dragon1_lemuel, layout_gridlike, palyth_hydra_swamp_entry,
          uniq_fannar, uniq_gastronok, uniq_urug
Lair:4:   layout_loops_ring

Skill      XL: |  1  2  3  4  5  6  7  8  9 10 11 12 13 |
---------------+----------------------------------------+-----
Stealth        | 1 3 4 |  4.0
Unarmed Combat | 4 5 7 8 10 11 12 13 | 13.3
Dodging        | 3 4 5 6 7 8 |  8.1
Fighting       | 3 4 5 6 7 8 |  8.1
Throwing       | 2 5 7 8 |  8.4
Shields        | 6 10 | 10.0

Action                     |  1- 3 |  4- 6 |  7- 9 | 10-12 | 13-15 || total
---------------------------+-------+-------+-------+-------+-------++-------
  Melee: Unarmed           |    98 |   170 |   209 |   507 |   129 ||  1113
         Punch             |     2 |     2 |     6 |    21 |    11 ||    42
  Throw: Stone             |     5 |       |       |       |       ||     5
         Dart              |       |       |     2 |     3 |       ||     5
         Javelin           |       |       |       |     8 |    12 ||    20
 Invoke: Berserk           |       |     2 |    12 |    20 |     7 ||    41
         Trog's Hand       |       |       |     2 |     2 |     3 ||     7
         Brothers in Arms  |       |       |       |     2 |     3 ||     5
  Evoke: Wand              |       |       |     4 |     6 |       ||    10
         Tin of tremorston |       |       |       |       |     2 ||     2
    Use: Potion            |       |       |       |    10 |     3 ||    13
   Stab: Sleeping          |     5 |     6 |       |     1 |     1 ||    13
         Petrified         |       |       |       |     1 |       ||     1
 Armour: Animal skin       |    23 |    43 |    28 |       |       ||    94
         Robe              |       |       |    25 |   155 |    37 ||   217
  Dodge: Dodged            |    39 |    71 |    75 |   222 |    63 ||   470
  Block: Tower shield      |       |       |       |    28 |    21 ||    49

Table legend: (Time is in decaauts)
 A = Elapsed time spent in this place.
 B = Non-inter-level travel time spent in this place.
 C = Inter-level travel time spent in this place.
 D = Time resting spent in this place.
 E = Time spent auto-exploring this place.
 F = Levels seen in this place.
 G = Mean time per level.
                   A        B        C        D        E       F      G
               +--------+--------+--------+--------+--------+-----+--------+
         Total |  13114 |  12445 |    669 |   1215 |   8631 |  15 |  874.3 |
       Dungeon |   9227 |   8717 |    510 |    633 |   6366 |  11 |  838.8 |
          Lair |   3887 |   3728 |    159 |    582 |   2265 |   4 |  971.8 |
               +--------+--------+--------+--------+--------+-----+--------+

Top non-repeatable levels by time:
  Lair:3: 1407 daAuts
    D:11: 1274 daAuts
  Lair:1: 1180 daAuts
  Lair:2: 1040 daAuts
     D:8: 1004 daAuts
    D:10: 981 daAuts
     D:3: 969 daAuts
     D:9: 928 daAuts
     D:6: 807 daAuts
     D:2: 769 daAuts
     D:7: 734 daAuts
     D:4: 610 daAuts
     D:1: 583 daAuts
     D:5: 564 daAuts
  Lair:4: 257 daAuts
